 Dungeon Crawl Stone Soup version 0.27-a0-1084-g78b3836a5f (webtiles) character file.

Game seed: 13096378601908054864

66 Goblin1989 the Covered (level 3, -1/34 HPs)
             Began as a Deep Dwarf Fighter on Apr 27, 2021.
             Slain by an orc
             ... wielding a +2 hand axe of electrocution
              (19 damage)
             ... on level 3 of the Dungeon.
             The game lasted 00:03:00 (1825 turns).

Goblin1989 the Covered (Deep Dwarf Fighter)         Turns: 1825, Time: 00:03:00

Health: -1/34      AC:  7    Str: 20    XL:     3   Next: 96%
Magic:  2/2        EV:  7    Int:  8    God:
Gold:   34         SH:  9    Dex: 12    Spells: 2/2 levels left

rFire    . . .     SeeInvis .   a - +0 war axe
rCold    . . .     Faith    .   c - +0 kite shield
rNeg     . . .     Spirit   .   b - +0 scale mail
rPois    .         Reflect  .   (no helmet)
rElec    .         Harm     .   (no cloak)
rCorr    .         Rampage  .   (no gloves)
Will     .....                  (no boots)
Stlth    ..........             (no amulet)
HPRegen  0.00/turn              (no ring)
MPRegen  0.08/turn              (no ring)

@: no status effects
A: damage resistance, heal wounds, sense surroundings 1, no regeneration
a: Heal Wounds


You were on level 3 of the Dungeon.
You visited 1 branch of the dungeon, and saw 3 of its levels.

You collected 67 gold pieces.
You spent 33 gold pieces at shops.

Inventory:

Hand Weapons
 a - a +0 war axe (weapon)
Missiles
 Z - a throwing net {!d , @Q1}
Armour
 b - a +0 scale mail (worn)
 c - a +0 kite shield (worn)
 U - a +0 pair of gloves
Scrolls
 e - a scroll of teleportation {unknown}
 f - 2 scrolls of identify {unknown}
 h - a scroll of vulnerability {unknown}
 i - a scroll of enchant armour {unknown}
 j - 3 scrolls of fear {unknown}
 X - 2 scrolls of amnesia {unknown}
Potions
 d - a potion of might {@q4}
 g - a potion of flight {unknown}
 k - a potion of brilliance {unknown}
 V - a potion of magic {unknown}
 W - a potion of attraction {unknown}
 Y - a potion of curing {@q1}


   Skills:
 + Level 3.1 Fighting
 * Level 3.4 Axes
 + Level 3.8 Armour
 + Level 3.8 Shields


You had 2 spell levels left.
You didn't know any spells.
Your spell library contained the following spells:

 Spells                   Type           Power      Damage    Failure   Level
 Corona                   Hex            0%         N/A       99%         1
 Ensorcelled Hibernation  Hex/Ice        0%         N/A       100%        2
 Confusing Touch          Hex            0%         N/A       100%        3
 Dazzling Flash           Conj/Hex       0%         N/A       100%        3
 Tukima's Dance           Hex            0%         N/A       100%        3


Dungeon Overview and Level Annotations

Branches:
Dungeon (3/15)

Altars:
Ru

Shops:
D:2 !

Annotations:
D:2 1 runed translucent door, Crazy Yiuf


Innate Abilities, Weirdness & Mutations

You are resistant to damage.
You can heal yourself by infusing magical energy.
You passively map a small area around you.
You do not regenerate.


Message History

You see here a +0 dagger.
Found 17 stones.
You see here 17 stones {@Q3}.
Found 14 arrows.
You see here 14 arrows.
A hobgoblin comes into view.
A hobgoblin is nearby!
You hit the hobgoblin.
The hobgoblin is almost dead.
The hobgoblin hits you.
You take 1 damage, and have 26/34 hp.
You hit the hobgoblin but do no damage.
The hobgoblin is almost dead.
You block the hobgoblin's attack.
The hobgoblin hits you but does no damage.
You slash the hobgoblin!
You kill the hobgoblin!
No target in view!
No target in view!
No target in view!
No target in view!
No target in view!
No target in view!
No target in view!
No target in view!
No target in view!
No target in view!
No target in view!
You see here a hobgoblin corpse.
An orc comes into view. It is wielding a +0 war axe.
An orc is nearby!
An orc is nearby!
An orc is nearby!
An orc comes into view. It is wielding a +0 flail.
The orc shouts!
The orc moves out of view.
An orc comes into view. It is wielding a +0 hand axe.
The orc shouts!
An orc comes into view.
It is wielding a +2 hand axe of electrocution.
The orc shouts!
The orc hits you with a +0 war axe!
You take 7 damage, and have 19/34 hp.
MASSIVE DAMAGE!!
You barely miss the orc. You block the orc's attack.
The orc hits you with a +0 war axe.
You hit the orc.
The orc is lightly wounded.
You block the orc's attack.
You barely miss the orc.
The orc is lightly wounded.
You block the orc's attack.
You slash the orc!
You kill the orc!
You block the orc's attack.
You closely miss the orc. You block the orc's attack.
You barely miss the orc. The orc hits you with a +0 war axe!
* * * LOW HITPOINT WARNING * * *
The orc barely misses you.
You are too injured to fight recklessly!
You take 8 damage, and have 11/34 hp.
MASSIVE DAMAGE!!
You are too injured to fight recklessly!
You are too injured to fight recklessly!
You are too injured to fight recklessly!
You are too injured to fight recklessly!
You are too injured to fight recklessly!
You are too injured to fight recklessly!
You are too injured to fight recklessly!
You are too injured to fight recklessly!
You are too injured to fight recklessly!
You are too injured to fight recklessly!
You are too injured to fight recklessly!
You are too injured to fight recklessly!
You are too injured to fight recklessly!
You are too injured to fight recklessly!
You are too injured to fight recklessly!
You are too injured to fight recklessly!
You are too injured to fight recklessly!
You fail to use your ability.
The orc hits you but does no damage.
You closely miss the orc. You block the orc's attack.
You fail to use your ability.
The orc hits you with a +0 war axe.
* * * LOW HITPOINT WARNING * * *
You take 2 damage, and have 9/34 hp.
You feel much better. You block the orc's attack.
You regained 13 hp, and now have 22/34 hp.
You slash the orc!
You kill the orc!
You block the orc's attack.
You slash the orc!
You kill the orc!
You closely miss the orc. You block the orc's attack.
The orc completely misses you.
You closely miss the orc.
The orc hits you with a +2 hand axe of electrocution.
You take 2 damage, and have 20/34 hp.
You hit the orc.
The orc is heavily wounded.
You block the orc's attack.
The orc hits you with a +2 hand axe of electrocution.
You are electrocuted!!
Ouch! That really hurt!
You die...

....⌂....)....█..†.█
█.█
█.█...███.██.)█.██.█
█.█ █.██.██
█.██..█..█.█ █.█
█....█ █.██..██.█.█
█.█
████.████.██..██.█.█
█.█
█......██..██.█.█
█.█ ·
█.███████.>██.█.█
█.█ ..██.███
█.███.█.█ █.█
█......█ █.█ █@█.█
█.█ ██████.█ █.█
█o█.█ █(█ █.█ █.█
█.█.██████.█
█.█████.█
█.█........█
█.......█
█.██████████


█████████ █.█ █.█ ▓ ▓ ▓▓ ▓ █.█ · · · ▓ You could see an orc.

Vanquished Creatures
  An adder (D:2)
  2 worms
  3 orcs (D:3)
  4 bats
  4 endoplasms
  A giant cockroach (D:1)
  3 goblins
  8 hobgoblins
  2 jackals (D:2)
  3 quokkas
  4 ball pythons
  3 kobolds
  5 rats
43 creatures vanquished.

Notes
Turn   | Place    | Note
-------+----------+-------------------------------------------
     0 | D:1      | Goblin1989 the Deep Dwarf Fighter began the quest for the
                  | Orb.
     0 | D:1      | Reached XP level 1. HP: 20/20 MP: 1/1
   212 | D:1      | Reached XP level 2. HP: 24/27 MP: 2/2
   954 | D:2      | Reached XP level 3. HP: 25/34 MP: 3/3
  1018 | D:2      | Found a runed translucent door.
  1019 | D:2      | Noticed Crazy Yiuf
  1152 | D:2      | Found Uvefoino's Distillery.
  1192 | D:2      | Bought a potion of curing for 33 gold pieces
  1687 | D:3      | Found a sacrificial altar of Ru.
  1825 | D:3      | Slain by an orc

Illustrated notes

Levels and vault maps discovered:
D:1:      eino_arrival_druids_welcome, layout_basic
D:2:      layout_basic, serial_shops, nicolae_shop_waterfront,
          uniq_crazy_yiuf_cottage
D:3:      layout_basic, nicolae_overflow_crystal_walls, basic_ecumenical_altar,
          serial_shops, shop

Skill      XL: |  1  2 |
---------------+-------+-----
Fighting       | 3 |  3.1
Axes           | 3 |  3.4
Armour         | |  3.8
Shields        | |  3.8

Action                   || total
-------------------------++-------
Melee: War axe           ||   168
 Abil: Heal Wounds       ||     3
Armor: Scale mail        ||    85
Dodge: Dodged            ||    59
Block: Kite shield       ||    85

Table legend: (Time is in decaauts)
 A = Elapsed time spent in this place.
 B = Non-inter-level travel time spent in this place.
 C = Inter-level travel time spent in this place.
 D = Time resting spent in this place.
 E = Time spent auto-exploring this place.
 F = Levels seen in this place.
 G = Mean time per level.
                   A        B        C        D        E       F      G
               +--------+--------+--------+--------+--------+-----+--------+
         Total |   1922 |   1873 |     49 |      0 |   1482 |   3 |  640.7 |
       Dungeon |   1922 |   1873 |     49 |      0 |   1482 |   3 |  640.7 |
               +--------+--------+--------+--------+--------+-----+--------+

Top non-repeatable levels by time:
     D:1: 845 daAuts
     D:2: 829 daAuts
     D:3: 247 daAuts
